 Dungeon Crawl Stone Soup version 0.21-a0-504-g2eda330 (webtiles) character file.

343 Roak the Slasher (level 6, -8/53 HPs)
             Began as a Gnoll Chaos Knight on Nov 26, 2017.
             Mangled by an iguana (11 damage)
             ... on level 4 of the Dungeon.
             The game lasted 00:12:35 (2513 turns).

Roak the Slasher (Gnoll Chaos Knight)               Turns: 2513, Time: 00:12:36

Health: -8/53      AC:  6    Str: 20    XL:     6   Next: 57%
Magic:  9/9        EV: 19    Int: 14    God:    Xom [...*..]
Gold:   276        SH:  0    Dex: 19    Spells: 9/9 levels left

rFire    + . .     SeeInvis .   a - +0 falchion (chaos)
rCold    . . .     Gourm    .   (no shield)
rNeg     . . .     Faith    .   v - +2 leather armour
rPois    .         Spirit   .   s - +0 helmet
rElec    .         Reflect  .   (no cloak)
rCorr    .         Harm     .   (no gloves)
MR       .....                  (no boots)
Stlth    +++.......             (no amulet)
HPRegen  0.17/turn              p - ring of protection from fire
MPRegen  0.11/turn              r - +3 ring of strength

@: agile, lethally poisoned (-8 -> -17)
A: distributed training, fangs 1, strong nose
a: Renounce Religion


You were on level 4 of the Dungeon.
You worshipped Xom.
You were a favourite toy of Xom.
You were not hungry.

You visited 1 branch of the dungeon, and saw 4 of its levels.

You collected 276 gold pieces.

Inventory:

Hand Weapons
 a - a +0 falchion of chaos (weapon)
 b - a +1 blowgun
 q - a +0 hunting sling
Missiles
 e - 165 stones
 i - 17 poisoned needles
 t - 2 tomahawks (quivered)
Armour
 s - a +0 helmet (worn)
 v - a +2 leather armour (worn)
Jewellery
 p - a ring of protection from fire (left hand)
 r - a +3 ring of strength (right hand)
Scrolls
 k - 3 scrolls of remove curse
 u - a scroll of identify
Potions
 f - a potion of degeneration
 h - a potion of mutation
Comestibles
 c - 3 bread rations
 m - 2 fruits
 o - 2 meat rations


   Skills:
 + Level 6.8 Fighting
 + Level 2.0 Short Blades
 + Level 6.8 Long Blades
 + Level 2.0 Axes
 + Level 2.0 Maces & Flails
 + Level 2.0 Polearms
 + Level 2.0 Staves
 + Level 2.0 Slings
 + Level 2.0 Bows
 + Level 2.0 Crossbows
 + Level 2.0 Throwing
 + Level 5.0 Armour
 + Level 3.2 Dodging
 + Level 2.0 Stealth
 + Level 2.0 Shields
 + Level 2.0 Unarmed Combat
 + Level 2.0 Spellcasting
 + Level 1.5 Conjurations
 + Level 1.5 Hexes
 + Level 1.5 Charms
 + Level 1.5 Summonings
 + Level 1.5 Necromancy
 + Level 1.5 Translocations
 + Level 1.5 Transmutations
 + Level 1.5 Fire Magic
 + Level 1.5 Ice Magic
 + Level 1.5 Air Magic
 + Level 1.5 Earth Magic
 + Level 1.5 Poison Magic
 + Level 2.2 Invocations
 + Level 2.0 Evocations


You had 9 spell levels left.
You didn't know any spells.

Dungeon Overview and Level Annotations

Branches:
Dungeon (4/15)
 Temple: D:4-7

Altars:


Innate Abilities, Weirdness & Mutations

Your experience applies equally to all skills.
You have very sharp teeth.
Your uncanny sense of smell can sniff out nearby items.


Message History

The orc hits you but does no damage. The adder closely misses you.
You hit the orc.
The orc is severely wounded.
* * * LOW HITPOINT WARNING * * *
You feel sick. The orc hits you but does no damage.
Your crimson imp hits the iguana.
The iguana barely misses you. The scorpion stings you.
* * * LOW HITPOINT WARNING * * *
The adder misses you. The orc completely misses you.
You riposte.
You hit the orc but do no damage.
The orc is devoured by a tear in reality.
* * * LOW HITPOINT WARNING * * *
You feel sick. The orc hits you with a dagger.
* * * LOW HITPOINT WARNING * * *
Things that are here:
a short sword; a ring mail You feel agile all of a sudden.
* * * LOW HITPOINT WARNING * * *
You feel sick. The iguana bites you!
You die...

##.o.....
#....o...
#.#.#...
#.#?...##
#.#..#..##
#......#.#
#$..§o...#
#..#@# .#
##.#l#.###$
#..SS5....#
##<...#####
#..###
#....
#.#### #.#
#.#


You could see an iguana, an adder, an orc and a ball python.

Vanquished Creatures
  Sigmund (D:2)
  Robin (D:3)
  7 adders
  2 worms (D:2)
  2 dart slugs (D:1)
  4 leopard geckos
  7 orcs
  4 giant cockroaches
  11 goblins
  12 hobgoblins
  3 jackals (D:1)
  5 kobolds
  2 quokkas
  3 ball pythons
  4 bats
  3 frilled lizards
  15 rats
86 creatures vanquished.

Vanquished Creatures (others)
  An orc (D:4)
1 creature vanquished.

Grand Total: 87 creatures vanquished

Notes
Turn   | Place    | Note
-------+----------+-------------------------------------------
     0 | D:1      | Roak the Gnoll Chaos Knight began the quest for the Orb.
     0 | D:1      | Reached XP level 1. HP: 23/23 MP: 1/1
   165 | D:1      | XOM is BORED!
   165 | D:1      | XOM: noise
   171 | D:1      | Reached XP level 2. HP: 29/29 MP: 2/2
   307 | D:1      | XOM: divination: detect items
   326 | D:1      | Reached XP level 3. HP: 35/35 MP: 3/3
   432 | D:1      | XOM: divination: magic mapping
   737 | D:1      | XOM: silly message
   761 | D:2      | XOM: noise
   781 | D:2      | Reached skill level 1 in Invocations
   806 | D:2      | Noticed Sigmund
   807 | D:2      | XOM: potion effect (might)
   808 | D:2      | XOM: potion effect (invisibility)
   816 | D:2      | XOM: potion effect (invisibility)
   821 | D:2      | Killed Sigmund
   821 | D:2      | Reached skill level 1 in Short Blades
   821 | D:2      | Reached skill level 1 in Axes
   821 | D:2      | Reached skill level 1 in Maces & Flails
   821 | D:2      | Reached skill level 1 in Polearms
   821 | D:2      | Reached skill level 1 in Staves
   821 | D:2      | Reached skill level 1 in Slings
   821 | D:2      | Reached skill level 1 in Bows
   821 | D:2      | Reached skill level 1 in Crossbows
   821 | D:2      | Reached skill level 1 in Throwing
   821 | D:2      | Reached skill level 1 in Stealth
   821 | D:2      | Reached skill level 1 in Shields
   821 | D:2      | Reached skill level 1 in Unarmed Combat
   821 | D:2      | Reached skill level 1 in Spellcasting
   821 | D:2      | Reached skill level 1 in Conjurations
   821 | D:2      | Reached skill level 1 in Hexes
   821 | D:2      | Reached skill level 1 in Charms
   821 | D:2      | Reached skill level 1 in Summonings
   821 | D:2      | Reached skill level 1 in Necromancy
   821 | D:2      | Reached skill level 1 in Translocations
   821 | D:2      | Reached skill level 1 in Transmutations
   821 | D:2      | Reached skill level 1 in Fire Magic
   821 | D:2      | Reached skill level 1 in Ice Magic
   821 | D:2      | Reached skill level 1 in Air Magic
   821 | D:2      | Reached skill level 1 in Earth Magic
   821 | D:2      | Reached skill level 1 in Poison Magic
   821 | D:2      | Reached skill level 1 in Evocations
   821 | D:2      | Reached XP level 4. HP: 30/41 MP: 4/6
   821 | D:2      | Reached XP level 5. HP: 35/47 MP: 4/7
   833 | D:2      | XOM: 1-stop teleportation journey
  1049 | D:2      | Reached XP level 6. HP: 53/53 MP: 8/8
  1313 | D:2      | XOM: medium Conj miscast
  1838 | D:3      | Noticed Robin
  1852 | D:3      | XOM: summons friendly crimson imp
  1860 | D:3      | Killed Robin
  1908 | D:3      | Reached skill level 5 in Armour
  2117 | D:3      | XOM: mild Chrm miscast
  2495 | D:4      | XOM: noise
  2508 | D:4      | XOM: summons friendly crimson imp
  2513 | D:4      | Mangled by an iguana

Vault maps used:
D:1:      minmay_arrival_nine_rooms, minmay_rat_gold_closets
D:2:      uniq_sigmund
D:3:      uniq_robin
D:4:      first_bread, uniq_menkaure

Skill      XL: |  1  2  3  4  5  6 |
---------------+-------------------+-----
Invocations    | 1 2 |  2.2
Short Blades   | 1 2 |  2.0
Axes           | 1 2 |  2.0
Maces & Flails | 1 2 |  2.0
Polearms       | 1 2 |  2.0
Staves         | 1 2 |  2.0
Slings         | 1 2 |  2.0
Bows           | 1 2 |  2.0
Crossbows      | 1 2 |  2.0
Throwing       | 1 2 |  2.0
Dodging        | 3 |  3.2
Stealth        | 1 2 |  2.0
Shields        | 1 2 |  2.0
Unarmed Combat | 1 2 |  2.0
Spellcasting   | 1 2 |  2.0
Conjurations   | 1 |  1.5
Hexes          | 1 |  1.5
Charms         | 1 |  1.5
Summonings     | 1 |  1.5
Necromancy     | 1 |  1.5
Translocations | 1 |  1.5
Transmutations | 1 |  1.5
Fire Magic     | 1 |  1.5
Ice Magic      | 1 |  1.5
Air Magic      | 1 |  1.5
Earth Magic    | 1 |  1.5
Poison Magic   | 1 |  1.5
Evocations     | 1 2 |  2.0
Armour         | 5 |  5.0
Fighting       | |  6.8
Long Blades    | |  6.8

Action                   |  1- 3 |  4- 6 || total
-------------------------+-------+-------++-------
Melee: Falchion          |    68 |   118 ||   186
       Bite              |     4 |    18 ||    22
       Punch             |       |     2 ||     2
Throw: Tomahawk          |       |     2 ||     2
  Use: Scroll            |       |     8 ||     8
       Potion            |       |     1 ||     1
 Stab: Sleeping          |     2 |       ||     2
       Invisible         |     1 |     1 ||     2
       Confused          |       |     1 ||     1
  Eat: Chunk             |       |     5 ||     5
Armor: Leather armour    |    14 |    39 ||    53
Dodge: Dodged            |    35 |    88 ||   123
       Rpst.: Falchion   |     8 |    30 ||    38

Table legend:
 A = Spawn XP
 B = Non-spawn XP
 C = Spawn XP percentage of total XP
 D = Spawn monster count
 E = Non-spawn monster count
 F = Spawn count percentage of total count
 G = Total turns spent on level
                    A         B        C        D         E        F      G
               +---------+---------+-------+---------+---------+-------+---------
         Total |       0 |     490 |   0.0 |       0 |      87 |   0.0 |  2513
               +---------+---------+-------+---------+---------+-------+---------
           D:1 |       0 |      40 |   0.0 |       0 |      24 |   0.0 |   761
           D:2 |       0 |     310 |   0.0 |       0 |      23 |   0.0 |   849
           D:3 |       0 |     132 |   0.0 |       0 |      37 |   0.0 |   875
           D:4 |       0 |       8 |   0.0 |       0 |       3 |   0.0 |    28
               +---------+---------+-------+---------+---------+-------+---------
